 Dungeon Crawl Stone Soup version 0.25.0-1-g7eea58d2a3 (webtiles) character file.

Game seed: 14201842290130088932

8402 Delamore the Bludgeoner (level 11, -1/60 HPs)
             Began as a Gargoyle Fighter on June 13, 2020.
             Was an Elder of Okawaru.
             Slain by a reaper
             ... wielding a +2 scythe
              (32 damage)
             ... in a Gauntlet.
             The game lasted 00:21:52 (11250 turns).

Delamore the Bludgeoner (Gargoyle Fighter)         Turns: 11250, Time: 00:21:53

Health: -1/60      AC: 24    Str: 23    XL:     11   Next: 30%
Magic:  0/11       EV:  7    Int:  9    God:    Okawaru [****..]
Gold:   546        SH: 10    Dex:  9    Spells: 10/10 levels left

rFire    . . .     SeeInvis .   D - +2 whip (freeze)
rCold    . . .     Gourm    .   Q - +1 kite shield {rPois}
rNeg     + . .     Faith    .   b - +0 scale mail
rPois    ∞         Spirit   +   k - +2 hat
rElec    +         Reflect  .   (no cloak)
rCorr    .         Harm     .   (no gloves)
MR       .....     NoTele   +   (no boots)
Stlth    ..........             I - amulet of guardian spirit
HPRegen  0.20/turn              h - +4 ring of protection
MPRegen  0.12/turn              O - +4 ring of protection

@: very slightly contaminated, starving, hasted, very quick
A: negative energy resistance 1, electricity resistance, unbreathing,
petrification resistance, rot immunity, AC +8
a: Heroism, Renounce Religion


You were in a Gauntlet.
You worshipped Okawaru.
Okawaru was greatly pleased with you.
You were starving.

You visited 3 branches of the dungeon, and saw 11 of its levels.
You also visited: Ossuary and Gauntlet.

You collected 546 gold pieces.

Inventory:

Hand Weapons
 a - a +0 flail
 t - the +5 scythe "Finisher" {speed, eviscerate}
   (You found it in a Gauntlet)

   Attacks with this weapon are significantly faster.
 D - a +2 whip of freezing (weapon)
Missiles
 G - 7 silver javelins (quivered)
Armour
 b - a +0 scale mail (worn)
 c - a +1 kite shield
 k - a +2 hat (worn)
 w - a +0 plate armour
 Q - a +1 kite shield of poison resistance (worn)
Jewellery
 h - a +4 ring of protection (left hand)
 s - an uncursed ring of protection from fire
 u - a +4 ring of slaying
 I - an amulet of guardian spirit (around neck)
 N - an uncursed ring of resist corrosion {unknown}
 O - a +4 ring of protection (right hand)
 P - the amulet "Ceinnut" {Spirit Int+4 Dex+2 Slay+2, unknown}
   (You found it in a Gauntlet)

   [amulet of guardian spirit]

   It causes incoming damage to be split between your health and magic.
   It affects your intelligence (+4).
   It affects your dexterity (+2).
   It affects your accuracy and damage with ranged weapons and melee attacks
   (+2).
Wands
 F - a wand of iceblast (3)
 H - a wand of paralysis (10)
Scrolls
 i - 3 scrolls of amnesia
 m - 5 scrolls of magic mapping
 n - 2 scrolls of immolation
 x - 5 scrolls of fog
 y - 8 scrolls of teleportation
 z - a scroll of enchant armour
 A - a scroll of blinking
 B - a scroll of torment
 C - 6 scrolls of enchant weapon
 E - 2 scrolls of remove curse
 J - a scroll of noise
 R - a scroll of fear
Potions
 d - 3 potions of might
 e - 2 potions of mutation
 g - 2 potions of resistance
 j - 2 potions of flight {unknown}
 l - 3 potions of ambrosia
 o - a potion of magic
 p - a potion of brilliance
 q - 4 potions of stabbing {unknown}
 r - a potion of haste
 v - 4 potions of curing
 K - a potion of cancellation
 L - a potion of degeneration {unknown}
 M - 2 potions of heal wounds
Comestibles
 f - 18 rations


   Skills:
 - Level 3.2 Fighting
 + Level 16.2 Maces & Flails
 - Level 3.2 Armour
 - Level 3.2 Shields


You had 10 spell levels left.
You didn't know any spells.
Your spell library contained the following spells:

 Spells                   Type           Power        Failure   Level  Hunger
 Infusion                 Chrm           #...         99%         1    ##.....
 Summon Small Mammal      Summ           #...         99%         1    ##.....
 Call Imp                 Summ           #.......     100%        2    ###....
 Shroud of Golubria       Chrm/Tloc      #.....       100%        2    ###....
 Song of Slaying          Chrm           #.......     100%        2    ###....
 Call Canine Familiar     Summ           #.......     100%        3    ####...
 Ozocubu's Armour         Chrm/Ice       #.......     100%        3    ####...
 Spectral Weapon          Hex/Chrm       #.......     100%        3    ####...
 Summon Guardian Golem    Hex/Summ       #.......     100%        3    ####...
 Summon Ice Beast         Ice/Summ       #.......     100%        4    #####..
 Summon Lightning Spire   Summ/Air       #.......     100%        4    #####..


Dungeon Overview and Level Annotations

Branches:
Dungeon (9/15)             Temple (1/1) D:7            Lair (1/6) D:9
Ossuary (visited)         Gauntlet (1/1)
    Orc: D:9-12

Altars:
Ashenzari
Cheibriados
Dithmenos
Elyvilon
Fedhas
Gozag
Hepliaklqana
Kikubaaqudgha
Makhleb
Nemelex Xobeh
Okawaru
Qazlal
Ru
Sif Muna
Trog
Uskayaw
Vehumet
Wu Jian
Xom
Yredelemnul
Zin
The Shining One

Shops:
D:8 ?

Annotations:
Gauntlet 13 transporters


Innate Abilities, Weirdness & Mutations

You are resistant to torment.
Your stone body is resilient. (AC +8)
You are immune to poison.
You resist negative energy. (rN+)
You are resistant to electric shocks. (rElec)
You can survive without breathing.
You are immune to petrification.
You are immune to rotting.


Message History

The purple ugly thing gurgles horribly!
You see here a translucent amethyst amulet.
P - a translucent amethyst amulet The glowing orange brain turns its attention towards you.
You see here 3 scrolls of fog.
x - 5 scrolls of fog (gained 3)
The hellwing swoops through the air toward you!
The hellwing completely misses you. The hellwing hits you.
The hellwing hits you! The hellwing hits you.
Unknown command.
The glowing orange brain turns its attention towards you.
You hit the reaper but do no damage. The reaper hits you with a +2 scythe!!!
Ouch! That really hurt!
* * * LOW HITPOINT WARNING * * *
The shadow imp hits you.
* * * LOW HITPOINT WARNING * * *
You feel much better. The reaper hits you with a +2 scythe!!
Ouch! That really hurt!
You die...

#8# #8# #8# #8# #################
#≈.............§#
###...............###
#8#..###########..#8#
###..#......§..#..###
#....#.#.##.##.#....#
#....#...#..#..#....#
#..###..##.##@.###..#
###..#©#..#.©#.25#©#..### ###
#8#..#.#.##.##.#.#.#..#8# #8#
####..#.#....#.4#.#.#..##########
......#.#.#.##.##.#.#..........#8
......#.#.......4.#.#..........##
#######.###########.#########....
........#§§§§8≈§§≈#........©#....
#######.###########.#############


You could see a reaper, a hellwing and a shadow imp.

Vanquished Creatures
  A two-headed ogre (D:8)
  An orc sorcerer (D:7)
  A manticore (D:8)
  An elephant (D:8)
  Psyche (D:8)
  A gargoyle (D:9)
  A spiny frog (Lair:1)
  Sigmund (D:5)
  A wyvern (D:8)
  A vampire (D:9)
  A wraith (Ossuary)
  A yak (D:9)
  Grum (D:9)
  2 hungry ghosts
  A basilisk (D:9)
  Duvessa (D:5)
  A water moccasin (Lair:1)
  A porcupine (Lair:1)
  An orc warrior (D:5)
  2 ice beasts
  A sky beast (D:7)
  2 black bears
  3 phantoms
  3 wolves (D:9)
  6 centaurs
  2 crocodiles
  A big kobold (D:7)
  A gnoll sergeant (D:8)
  6 bullfrogs
  Dowan (D:5)
  3 scorpions
  5 killer bees (D:7)
  2 electric eels (Lair:1)
  3 crimson imps
  A quasit (D:7)
  A wyvern simulacrum (Gauntlet)
  2 centaur zombies
  3 gnoll shamans
  2 hounds (D:8)
  2 jellies
  4 orc priests
  2 iguanas
  A centaur skeleton (D:4)
  6 worker ants
  4 orc wizards
  2 centaur simulacra (Gauntlet)
  2 bullfrog simulacra (Gauntlet)
  2 hound skeletons
  4 mummies
  5 worker ant zombies
  12 adders
  16 gnolls
  2 oozes
  An adder zombie (D:5)
  An adder skeleton (D:5)
  A worm (D:2)
  3 dart slugs
  6 leopard geckos
  27 orcs
  8 bats
  3 giant cockroaches
  A gnoll zombie (Ossuary)
  8 goblins
  11 hobgoblins
  15 jackals
  18 kobolds
  2 quokkas
  3 frilled lizards
  4 hobgoblin zombies (Ossuary)
  6 kobold zombies (Ossuary)
  2 leopard gecko skeletons
  2 quokka skeletons (D:3)
  A quokka zombie (D:5)
  10 rats
267 creatures vanquished.

Vanquished Creatures (others)
  12 demonic plants (Gauntlet)
  19 withered plants (Gauntlet)
31 creatures vanquished.

Grand Total: 298 creatures vanquished

Notes
Turn   | Place    | Note
-------+----------+-------------------------------------------
     0 | D:1      | Delamore the Gargoyle Fighter began the quest for the Orb.
     0 | D:1      | Reached XP level 1. HP: 14/14 MP: 1/1
    78 | D:1      | Reached XP level 2. HP: 19/19 MP: 2/2
   338 | D:1      | Reached skill level 3 in Maces & Flails
   590 | D:1      | Reached XP level 3. HP: 23/23 MP: 3/3
  1018 | D:2      | Reached skill level 4 in Maces & Flails
  1018 | D:2      | Reached XP level 4. HP: 24/28 MP: 4/4
  1074 | D:2      | Found a shimmering blue altar of Sif Muna.
  1114 | D:2      | Found a shadowy altar of Dithmenos.
  1205 | D:2      | Found a radiant altar of Vehumet.
  1289 | D:2      | Reached skill level 5 in Maces & Flails
  1289 | D:2      | Reached XP level 5. HP: 31/32 MP: 5/5
  1537 | D:2      | Noticed a moth of wrath
  1540 | D:2      | Found a bloodstained altar of Trog.
  1888 | D:3      | Found an opulent altar of Gozag.
  2216 | D:3      | Reached skill level 6 in Maces & Flails
  2279 | D:3      | Reached XP level 6. HP: 37/37 MP: 6/6
  2705 | D:4      | Reached skill level 7 in Maces & Flails
  2746 | D:4      | Reached XP level 7. HP: 9/41 MP: 7/7
  2881 | D:4      | Found a sand-covered staircase.
  2890 | Ossuary  | Entered an ossuary
  2890 | Ossuary  | Noticed a wraith
  2890 | Ossuary  | Noticed a wraith
  2890 | Ossuary  | Noticed a wraith
  3292 | Ossuary  | Noticed a wraith
  3326 | Ossuary  | Killed a wraith
  3326 | Ossuary  | Reached skill level 8 in Maces & Flails
  3711 | D:4      | Found an ornate altar of the Wu Jian Council.
  4201 | D:5      | Entered Level 5 of the Dungeon
  4299 | D:5      | Noticed Sigmund
  4307 | D:5      | Killed Sigmund
  4307 | D:5      | Reached skill level 9 in Maces & Flails
  4307 | D:5      | Reached XP level 8. HP: 42/46 MP: 8/8
  4664 | D:5      | Noticed Duvessa
  4665 | D:5      | Noticed Dowan
  4691 | D:5      | Killed Duvessa
  4691 | D:5      | Reached skill level 10 in Maces & Flails
  4698 | D:5      | Killed Dowan
  5400 | D:6      | Reached skill level 11 in Maces & Flails
  5545 | D:5      | Reached XP level 9. HP: 22/51 MP: 9/9
  6205 | D:6      | Found a snail-covered altar of Cheibriados.
  6273 | D:6      | You fall into a shaft and drop 1 floor!
  6288 | D:7      | Reached skill level 12 in Maces & Flails
  6301 | D:7      | Found a shimmering altar of Xom.
  6889 | D:7      | Noticed an orc sorcerer
  6898 | D:7      | Killed an orc sorcerer
  6898 | D:7      | Reached skill level 13 in Maces & Flails
  7001 | D:7      | Found a staircase to the Ecumenical Temple.
  7008 | Temple   | Entered the Ecumenical Temple
  7222 | Temple   | Became a worshipper of Warmaster Okawaru
  7621 | D:8      | Noticed Psyche
  7654 | D:7      | Reached XP level 10. HP: 56/56 MP: 10/10
  7672 | D:8      | Killed Psyche
  7737 | D:8      | Reached * piety under Okawaru
  7964 | D:8      | Reached skill level 14 in Maces & Flails
  8119 | D:8      | Found Jyneimamn's Magic Scroll Shop.
  8498 | D:8      | Noticed a manticore
  8516 | D:8      | Killed a manticore
  8516 | D:8      | Reached ** piety under Okawaru
  8874 | D:9      | Noticed a gargoyle
  8899 | D:9      | Killed a gargoyle
  9307 | D:9      | Reached skill level 15 in Maces & Flails
  9379 | D:9      | Noticed an elephant
  9379 | D:9      | Noticed a two-headed ogre
  9380 | D:9      | Found a staircase to the Lair.
  9489 | D:8      | Killed a two-headed ogre
  9489 | D:8      | Reached *** piety under Okawaru
  9497 | D:8      | Killed an elephant
  9497 | D:8      | Reached XP level 11. HP: 23/60 MP: 5/11
  9775 | D:9      | Found a glowing silver altar of Zin.
  9775 | D:9      | Found a burning altar of Makhleb.
  9776 | D:9      | Noticed a blizzard demon
  9776 | D:9      | Noticed an angel
  9819 | D:9      | Noticed Grum
  9840 | D:9      | Killed Grum
  9840 | D:9      | Reached **** piety under Okawaru
 10368 | Lair:1   | Entered Level 1 of the Lair of Beasts
 10415 | Lair:1   | Reached skill level 16 in Maces & Flails
 10617 | Lair:1   | Found a gate leading to a gauntlet.
 10631 | Gauntlet | Entered a Gauntlet
 10631 | Gauntlet | Found a transporter.
 10631 | Gauntlet | Found a transporter.
 10635 | Gauntlet | Found a transporter.
 10635 | Gauntlet | Found a transporter.
 10646 | Gauntlet | Found a transporter.
 10668 | Gauntlet | Found a transporter.
 10668 | Gauntlet | Noticed a purple ugly thing
 10676 | Gauntlet | Noticed a glowing orange brain
 10690 | Gauntlet | Noticed a glowing orange brain
 10690 | Gauntlet | Noticed a wretched star
 10692 | Gauntlet | Found a transporter.
 10699 | Gauntlet | Noticed a sixfirhy
 10705 | Gauntlet | Found a transporter.
 10705 | Gauntlet | Noticed a sixfirhy
 10706 | Gauntlet | Found a transporter.
 10707 | Gauntlet | Noticed a sixfirhy
 10707 | Gauntlet | Noticed a reaper
 10710 | Gauntlet | Noticed a sixfirhy
 10713 | Gauntlet | Found a transporter.
 10720 | Gauntlet | Found a transporter.
 10771 | Gauntlet | Found a transporter.
 10838 | Gauntlet | Found a transporter.
 10848 | Gauntlet | Noticed a reaper
 10858 | Gauntlet | Found a transporter.
 10862 | Gauntlet | Found the +5 scythe "Finisher" {speed, eviscerate}
 11006 | Gauntlet | Found a transporter.
 11010 | Gauntlet | Noticed a wizard
 11013 | Gauntlet | Noticed a wizard
 11026 | Gauntlet | Found a transporter.
 11238 | Gauntlet | Got a translucent amethyst amulet
 11249 | Gauntlet | HP: 3/60 [shadow imp (2)]
 11250 | Gauntlet | Slain by a reaper

Illustrated notes

Levels and vault maps discovered:
D:1:      tarquinn_simple_flora_water_f, layout_basic,
          corexii_item_surrounded_by_moat
D:2:      layout_rooms, tgw_trog, overflow_temple_1_default, marbit_many_paths,
          first_ration, grunt_dithmenos_smoke_and_mirrors
D:3:      layout_basic, serial_undead, serial_undead_d, serial_undead_f,
          serial_undead_b, serial_undead_d, grunt_gozag_statues
D:4:      layout_basic, nicolae_overflow_crystal_walls, enter_ossuary_2
D:5:      layout_rooms, uniq_sigmund, uniq_duvessa
D:6:      layout_cave_pods, slow_altar_1, serial_column_ruins,
          column_ruins_corridor_dead_end, column_ruins_open_small,
          column_ruins_columns_corner, column_ruins_open_small,
          column_ruins_columns_dead_end, minmay_misc_feat_nine_boxes
D:7:      cheibrodos_wizards_tower, layout_cave_pools, xom_teletrap_fun,
          minmay_temple_entry_offerings
D:8:      layout_cave_pools, serial_gnoll_camp, gnoll_camp_medium_01,
          gnoll_camp_mini_hut, gnoll_camp_mini_hut, gnoll_camp_mini_shop,
          kennysheep_generic_room_9, uniq_psyche
D:9:      layout_loops_ring, grunt_temple_overflow_order_and_chaos_2,
          david_lair_generic, uniq_grum
Temple:   eino_temple_water
Lair:1:   layout_gridlike, gauntlet_entry_generic
Gauntlet: gammafunk_gauntlet_branching [nicolae_gauntlet_swirl,
          gammafunk_gauntlet_arena_hedges, gammafunk_gauntlet_arena_crates,
          gammafunk_gauntlet_arena_mazey, nicolae_gauntlet_arena_blocks,
          nicolae_gauntlet_arena_grate_2,
          gammafunk_gauntlet_arena_split_diamond,
          gammafunk_gauntlet_arena_arrow_garden, gauntlet_exit_watery]

Skill      XL: |  1  2  3  4  5  6  7  8  9 10 11 |
---------------+----------------------------------+-----
Maces & Flails | 3 4 5 6 7 9 11 13 15 16 | 16.2
Fighting       | |  3.2
Armour         | |  3.2
Shields        | |  3.2

Action                   |  1- 3 |  4- 6 |  7- 9 | 10-12 || total
-------------------------+-------+-------+-------+-------++-------
Melee: Flail             |   126 |   274 |    96 |       ||   496
       Whip              |       |       |   433 |   410 ||   843
Throw: Javelin           |       |       |     5 |     1 ||     6
Invok: Heroism           |       |       |       |     1 ||     1
Evoke: Wand              |       |       |     4 |       ||     4
  Use: Scroll            |       |     4 |    18 |     4 ||    26
       Potion            |       |       |     1 |     3 ||     4
  Eat: Chunk             |     1 |     5 |    13 |    12 ||    31
       Ration            |       |       |     1 |       ||     1
Armor: Scale mail        |    97 |   207 |   214 |   201 ||   719
Dodge: Dodged            |    46 |   111 |   104 |    87 ||   348
Block: Kite shield       |    72 |   159 |   199 |   140 ||   570
